 Dungeon Crawl Stone Soup version 0.26-a0-808-g930a2b7adc (webtiles) character file.

Game seed: 14778748173085072054

759 ANON1729 the Slasher (level 7, 0/51 HPs)
             Began as an Octopode Chaos Knight on Nov 12, 2020.
             Was a Plaything of Xom.
             Slain by a centaur zombie (8 damage)
             ... on level 5 of the Dungeon.
             The game lasted 00:03:25 (4268 turns).

ANON1729 the Slasher (Octopode Chaos Knight)        Turns: 4268, Time: 00:03:25

Health: 0/51       AC:  1    Str: 14    XL:     7   Next: 80%
Magic:  7/7        EV: 15    Int: 14    God:    Xom [*.....]
Gold:   273        SH:  0    Dex:  9    Spells: 6/6 levels left

rFire    . . .     SeeInvis .   a - +0 falchion (chaos)
rCold    . . .     Faith    .   (no shield)
rNeg     . . .     Spirit   .   (helmet restricted)
rPois    .         Reflect  .   (no amulet)
rElec    .         Harm     .   m - ring of resist corrosion
rCorr    +         Rampage  .   (no ring)
MR       .....                  (no ring)
Stlth    ++........             (no ring)
HPRegen  0.17/turn              (no ring)
MPRegen  0.10/turn              (no ring)
                                (no ring)
                                (no ring)

@: no status effects
A: almost no armour, stealthy swim, amphibious, 8 rings, constrict 8, camouflage
1, blurry vision 1, clumsy 1, deterioration 1, gelatinous body 1
a: Renounce Religion


You were on level 5 of the Dungeon.
You worshipped Xom.
You were a special plaything of Xom.
You visited 1 branch of the dungeon, and saw 5 of its levels.

You collected 273 gold pieces.

Inventory:

Hand Weapons
 a - a +0 falchion of chaos (weapon)
 u - a +2 dagger of draining
 x - a +1 battleaxe of chaos
Armour
 f - a +0 buckler
Jewellery
 m - a ring of resist corrosion (left tentacle)
Scrolls
 b - 2 scrolls of fog {unknown}
 c - 6 scrolls of identify {unknown}
 d - 5 scrolls of teleportation {unknown}
 g - 3 scrolls of fear {unknown}
 h - a scroll of random uselessness {unknown}
 k - 3 scrolls of amnesia {unknown}
 l - 3 scrolls of remove curse {unknown}
 n - a scroll of noise {unknown}
 r - a scroll of enchant armour {unknown}
 s - 4 scrolls of blinking {unknown}
Potions
 e - 2 potions of haste {unknown}
 i - a potion of cancellation {unknown}
 j - a potion of lignification {unknown}
 o - a potion of invisibility {unknown}
 p - a potion of ambrosia {unknown}
 q - 2 potions of curing
 t - a potion of might {unknown}
 v - a potion of brilliance {unknown}
 w - a potion of flight {unknown}


   Skills:
 + Level 5.6 Fighting
 + Level 5.6 Long Blades
 + Level 5.3 Dodging


You had 6 spell levels left.
You didn't know any spells.
Your spell library was empty.

Dungeon Overview and Level Annotations

Branches:
Dungeon (5/15)
 Temple: D:4-7

Altars:
Dithmenos
Nemelex Xobeh
Ru
Sif Muna
Xom
Zin


Innate Abilities, Weirdness & Mutations

You cannot wear most types of armour.
You are very stealthy in the water. (Stealth+)
You are amphibious.
You can wear up to eight rings at the same time.
You can use your tentacles to constrict eight enemies at once.
Your skin changes colour to match your surroundings (Stealth+).
Your rubbery body absorbs attacks. (AC +1, EV +1)
Scrolls take you a little longer to read.
You are clumsy. (Dex -2)
Your body sometimes deteriorates upon taking damage.


Message History

* * * LOW HITPOINT WARNING * * *
The jackal misses you.
You riposte.
You barely miss the jackal. Your grab misses the jackal.
You hit the centaur zombie but do no damage.
The centaur zombie is moderately damaged.
The centaur zombie is no longer moving slowly.
A quokka zombie comes into view.
The centaur zombie hits you!
* * * LOW HITPOINT WARNING * * *
The jackal barely misses you.
You riposte.
You closely miss the jackal. Your grab misses the jackal.
It was a potion of curing.
You feel better. The jackal bites you.
* * * LOW HITPOINT WARNING * * *
The centaur zombie misses you.
You hit the centaur zombie but do no damage.
The centaur zombie is moderately damaged.
The jackal bites you.
* * * LOW HITPOINT WARNING * * *
The centaur zombie hits you!
You die...

#########.#.#
#...........#
#.#####.....#
#.# ##.....
#.# ##.###
######.# #.#
#Z†.Z..# #.#
#Z###### #+#
#@# #h# #h#
#h# .Z. ...
#.# #.#


You could see a quokka zombie, a centaur zombie, 3 jackals and a hound skeleton.

Vanquished Creatures
  Grinder (D:5)
  Sigmund (D:3)
  A centaur (D:5)
  A scorpion (D:5)
  A hound (D:4)
  3 worker ants (D:4)
  5 adders
  2 oozes
  5 worms
  4 dart slugs
  2 leopard geckos
  10 orcs (D:3)
  3 ball pythons
  7 giant cockroaches
  20 goblins
  11 hobgoblins
  10 jackals
  9 kobolds
  5 bats
  8 frilled lizards
  9 rats
118 creatures vanquished.

Notes
Turn   | Place    | Note
-------+----------+-------------------------------------------
     0 | D:1      | ANON1729 the Octopode Chaos Knight began the quest for the
                  | Orb.
     0 | D:1      | Reached XP level 1. HP: 16/16 MP: 1/1
   158 | D:1      | Reached XP level 2. HP: 11/21 MP: 2/2
   310 | D:1      | XOM: divination: detect items
   334 | D:1      | XOM: silly message
   637 | D:1      | Reached XP level 3. HP: 26/26 MP: 3/3
  1138 | D:2      | Reached XP level 4. HP: 31/33 MP: 4/4
  1338 | D:2      | Found a faded altar of an unknown god.
  1362 | D:2      | Found a shimmering blue altar of Sif Muna.
  1362 | D:2      | Found a shadowy altar of Dithmenos.
  1464 | D:2      | XOM: noise
  1484 | D:2      | Found a sparkling altar of Nemelex Xobeh.
  1835 | D:2      | XOM: noise
  2123 | D:3      | XOM: god gift: 37 gold pieces
  2257 | D:3      | XOM: smoke on damage
  2320 | D:3      | XOM: scenery: summon butterflies
  2352 | D:3      | Noticed Sigmund
  2360 | D:3      | XOM: butterfly on damage
  2364 | D:3      | Killed Sigmund
  2364 | D:3      | Reached XP level 5. HP: 20/38 MP: 5/5
  2364 | D:3      | Reached XP level 6. HP: 23/44 MP: 6/6
  2846 | D:3      | XOM: 9-stop teleportation journey
  3060 | D:3      | XOM: give mutation
  3060 | D:3      | Gained mutation: Your body sometimes deteriorates upon
                  | taking damage. [Xom's mischief]
  3348 | D:3      | XOM: give mutations
  3348 | D:3      | Gained mutation: You are clumsy. (Dex -2) [Xom's mischief]
  3348 | D:3      | Gained mutation: Scrolls take you a little longer to read.
                  | [Xom's mischief]
  3450 | D:4      | Noticed an angel
  3451 | D:4      | Found a shimmering altar of Xom.
  3451 | D:4      | Found a glowing silver altar of Zin.
  3549 | D:4      | Found a sacrificial altar of Ru.
  4114 | D:4      | Reached skill level 5 in Fighting
  4202 | D:5      | Entered Level 5 of the Dungeon
  4214 | D:5      | XOM: god gift: glowing battleaxe {god gift}
  4241 | D:5      | Reached skill level 5 in Long Blades
  4241 | D:5      | Reached XP level 7. HP: 50/50 MP: 7/7
  4241 | D:5      | Noticed Grinder
  4248 | D:5      | Killed Grinder
  4248 | D:5      | Reached skill level 5 in Dodging
  4268 | D:5      | Slain by a centaur zombie

Illustrated notes

Levels and vault maps discovered:
D:1:      mrwooster_arrival_statue_3, layout_basic, minmay_misc_feat_x
D:2:      cheibrodos_greedy_goblins, layout_loops_ring, lemuel_doored_altar,
          gammafunk_temple_overflow_pools, chequers_ecumenical_altar_twisty
D:3:      minmay_angry_zag, layout_loops_ring, kennysheep_decorative_pillar,
          uniq_sigmund
D:4:      layout_basic, grunt_temple_overflow_order_and_chaos_1,
          marbit_many_paths
D:5:      layout_loops_corners, serial_shops, kennysheep_mini, shop, shop,
          nicolae_shop_stone, minmay_hedge_maze, uniq_blork_the_orc,
          uniq_grinder, uniq_ijyb, uniq_edmund

Skill      XL: |  1  2  3  4  5  6  7 |
---------------+----------------------+-----
Dodging        | 3 4 5 |  5.3
Fighting       | 4 5 |  5.6
Long Blades    | 4 5 |  5.6

Action                   |  1- 3 |  4- 6 |  7- 9 || total
-------------------------+-------+-------+-------++-------
Melee: Falchion          |    62 |   134 |    23 ||   219
       Constrict         |    16 |    48 |     3 ||    67
       Tentacles         |    10 |    20 |     9 ||    39
  Use: Potion            |       |       |     1 ||     1
 Stab: Sleeping          |    11 |     7 |       ||    18
       Petrifying        |     1 |       |       ||     1
       Distracted        |       |     1 |       ||     1
Armor: Skin              |     2 |    10 |       ||    12
Dodge: Dodged            |    49 |    90 |    21 ||   160
       Rpst.: Falchion   |    21 |    25 |     4 ||    50

Table legend: (Time is in decaauts)
 A = Elapsed time spent in this place.
 B = Non-inter-level travel time spent in this place.
 C = Inter-level travel time spent in this place.
 D = Time resting spent in this place.
 E = Time spent auto-exploring this place.
 F = Levels seen in this place.
 G = Mean time per level.
                   A        B        C        D        E       F      G
               +--------+--------+--------+--------+--------+-----+--------+
         Total |   4288 |   4148 |    140 |    377 |   3176 |   5 |  857.6 |
       Dungeon |   4288 |   4148 |    140 |    377 |   3176 |   5 |  857.6 |
               +--------+--------+--------+--------+--------+-----+--------+

Top non-repeatable levels by time:
     D:3: 1322 daAuts
     D:1: 1114 daAuts
     D:2: 969 daAuts
     D:4: 816 daAuts
     D:5: 66 daAuts
